 Dungeon Crawl Stone Soup version 0.29-a0-23-ga79f92ac9c (webtiles) character file.

Game seed: 3914074735119021725

4 timneilson the Shield-Bearer (level 1, 0/14 HPs)
             Began as a Gargoyle Fighter on Jan 31, 2022.
             Frozen to death by an endoplasm (2 damage)
             ... on level 1 of the Dungeon.
             The game lasted 00:00:14 (139 turns).

timneilson the Shield-Bearer (Gargoyle Fighter)      Turns: 139, Time: 00:00:15

Health: 0/14       AC:  9    Str: 19    XL:     1   Next: 60%
Magic:  1/1        EV:  9    Int:  8    God:
Gold:   0          SH:  4    Dex:  9    Spells: 0/0 levels left

rFire   . . .      SeeInvis .   a - +0 long sword
rCold   . . .      Faith    .   c - +0 buckler
rNeg    + . .      Spirit   .   b - +0 scale mail
rPois   ∞          Reflect  .   (no helmet)
rElec   +          Harm     .   (no cloak)
rCorr   .          Rampage  .   (no gloves)
Will    .....                   (no boots)
Stlth   ..........              (no amulet)
HPRegen 0.04/turn               (no ring)
MPRegen 0.07/turn               (no ring)

@: no status effects
A: sickness immunity, AC +2, negative energy resistance 1, electricity
resistance, torment resistance 1, petrification resistance
a: no special abilities


You were on level 1 of the Dungeon.
You visited 1 branch of the dungeon, and saw 1 of its levels.

Inventory:

Hand Weapons
 a - a +0 long sword (weapon)
Armour
 b - a +0 scale mail (worn)
 c - a +0 buckler (worn)
Scrolls
 e - a scroll of amnesia {unknown}
 f - a scroll of enchant weapon {unknown}
Potions
 d - a potion of might


   Skills:
 + Level 3.3 Fighting
 * Level 1.9 Long Blades
 * Level 3.3 Armour
 + Level 0.0 Dodging
 * Level 3.3 Shields


You couldn't memorise any spells.
You didn't know any spells.
Your spell library was empty.

Dungeon Overview and Level Annotations

Branches:
Dungeon (1/15)

Altars:


Innate Abilities, Weirdness & Mutations

You are immune to sickness and miasma.
Your stone body is resilient. (AC +2)
You are immune to poison.
You resist negative energy. (rN+)
You are resistant to electric shocks. (rElec)
You are resistant to unholy torment.
You are immune to petrification.


Message History

You kill the ball python!
You closely miss the hobgoblin. The hobgoblin closely misses you.
You slash the hobgoblin!
You kill the hobgoblin!
e - a scroll labelled MIWNEW APHOI
Found a stone staircase leading down.
f - a scroll labelled NISMEO VANEW A hobgoblin comes into view.
The hobgoblin shouts!
You hear a shout!
The hobgoblin moves out of view.
A hobgoblin is nearby!
The hobgoblin hits you.
You barely miss the hobgoblin. The hobgoblin barely misses you.
The hobgoblin hits you but does no damage.
You barely miss the hobgoblin. The hobgoblin hits you.
A kobold comes into view. It is wielding a +0 whip.
You closely miss the hobgoblin. The hobgoblin barely misses you.
You barely miss the hobgoblin. The hobgoblin barely misses you.
The kobold hits you but does no damage. The hobgoblin hits you.
You slash the hobgoblin!
You kill the hobgoblin!
The kobold hits you but does no damage. The kobold hits you with a +0 whip.
You see here a hobgoblin corpse.
You closely miss the kobold. The kobold barely misses you.
You completely miss the kobold. You block the kobold's attack. x2
You barely miss the kobold. The kobold hits you with a +0 whip.
You hit the kobold.
The kobold is moderately wounded.
The kobold hits you with a +0 whip.
* * * LOW HITPOINT WARNING * * *
You slash the kobold!
You kill the kobold!
You see here a +0 whip.
You see here a hobgoblin corpse.
An endoplasm comes into view.
The endoplasm quivers.
The endoplasm freezes you.
You are frozen.
You die...

########.##
######..##################
...........................
..######..##########.######
######.## #.# #.. #.......#
#.# #.#
...###.#.#########.# #.#
#...J........##.# #.#
#.###@.......##.# #.#
...#..........##.# #.# .##
#.###.)....##.# #.. .
...#...†....##.# ### ..#
#.###.#####.# # .... ...#
.# #.# # ... #.#.# .# #.# #
.# #..... .. #.# # #. ...
.. #.######


You could see an endoplasm.

Vanquished Creatures
  2 hobgoblins (D:1)
  A ball python (D:1)
  A kobold (D:1)
4 creatures vanquished.

Notes
Turn   | Place    | Note
-------+----------+-------------------------------------------
     0 | D:1      | timneilson the Gargoyle Fighter began the quest for the
                  | Orb.
     0 | D:1      | Reached XP level 1. HP: 14/14 MP: 1/1
   139 | D:1      | Frozen to death by an endoplasm

Illustrated notes

Levels and vault maps discovered:
D:1:      wander_arrival_desolate, layout_basic,
          shapermc_ecumenical_altar_starsandcircs, st_stairs_1,
          skrybe_limestone_x, hangedman_abyss_or_decor_stabs, hex_intersection

Action                   || total
-------------------------++-------
Melee: Long sword        ||    15
Armor: Scale mail        ||     4
Dodge: Dodged            ||     8
Block: Buckler           ||     5

Table legend: (Time is in decaauts)
 A = Elapsed time spent in this place.
 B = Non-inter-level travel time spent in this place.
 C = Inter-level travel time spent in this place.
 D = Time resting spent in this place.
 E = Time spent auto-exploring this place.
 F = Levels seen in this place.
 G = Mean time per level.
                   A        B        C        D        E       F      G
               +--------+--------+--------+--------+--------+-----+--------+
         Total |    144 |    144 |      0 |      0 |    108 |   1 |  144.0 |
       Dungeon |    144 |    144 |      0 |      0 |    108 |   1 |  144.0 |
               +--------+--------+--------+--------+--------+-----+--------+

Top non-repeatable levels by time:
     D:1: 144 daAuts
